 Dungeon Crawl Stone Soup version 0.27.1-34-g3ba077fa99 (webtiles) character file.

Game seed: 12347520908172012225

2415 Ijustatesigmund the Fighter (level 9, -3/88 HPs)
             Began as a Gargoyle Fighter on Feb 2, 2022.
             Was a Believer of Cheibriados.
             Slain by a centaur (4 damage)
             ... on level 8 of the Dungeon.
             The game lasted 00:13:41 (8304 turns).

Ijustatesigmund the Fighter (Gargoyle Fighter)      Turns: 8304, Time: 00:13:41

Health: -3/88      AC: 24    Str: 25    XL:     9   Next: 47%
Magic:  10/12      EV:  2    Int: 15    God:    Cheibriados [**....]
Gold:   327        SH: 10    Dex: 13    Spells: 8/8 levels left

rFire    . . .     SeeInvis .   a - +1 flail (freeze)
rCold    + . .     Faith    .   c - +0 kite shield
rNeg     + + +     Spirit   .   (armour currently unavailable)
rPois    ∞         Reflect  .   (helmet currently unavailable)
rElec    .         Harm     .   (cloak currently unavailable)
rCorr    .         Rampage  .   (gloves currently unavailable)
Will     .....     NoTele   +   (boots currently unavailable)
Stlth    +.........             (no amulet)
HPRegen  0.24/turn              t - ring of protection from cold
MPRegen  0.13/turn              (no ring)

@: brilliant, tree-form, marked, very slightly contaminated, invisible, very
slow
A: stationary, stasis, torment immunity, boosted hp, sickness immunity, AC +6,
negative energy resistance 1, (electricity resistance), torment resistance 1,
petrification resistance, (iridescent scales 1), (cold resistance 1)
a: Renounce Religion, Bend Time


You were on level 8 of the Dungeon.
You worshipped Cheibriados.
Cheibriados was pleased with you.
You were a tree.
You visited 2 branches of the dungeon, and saw 9 of its levels.
You also visited: Sewer.

You collected 327 gold pieces.

Inventory:

Hand Weapons
 a - a +1 flail of freezing (weapon)
Missiles
 o - 6 curare-tipped darts (quivered)
Armour
 b - a +0 chain mail (melded)
 c - a +0 kite shield (worn)
 h - a +1 helmet (melded)
 j - a +1 pair of gloves (melded)
 m - a +1 pair of boots (melded)
 p - a +0 cloak (melded)
Jewellery
 t - a ring of protection from cold (left branch)
 v - a ring of see invisible
Scrolls
 d - 2 scrolls of magic mapping
 f - a scroll of fog
 i - 5 scrolls of teleportation
Potions
 e - 3 potions of attraction
 k - 4 potions of mutation
 l - a potion of invisibility
 n - a potion of lignification
 q - a potion of ambrosia {unknown}
 s - a potion of flight {unknown}
 u - a potion of degeneration {unknown}


   Skills:
 + Level 8.0 Fighting
 + Level 7.7 Maces & Flails
 + Level 7.0 Armour
 - Level 3.2 Shields
 + Level 5.0 Invocations


You had 8 spell levels left.
You didn't know any spells.
Your spell library contained the following spells:

 Spells                   Type           Power      Damage    Failure   Level
 Animate Skeleton         Necr           0%         N/A       77%         1
 Apportation              Tloc           0%         N/A       77%         1
 Corona                   Hex            0%         N/A       77%         1
 Summon Small Mammal      Summ           0%         N/A       77%         1
 Passwall                 Tmut/Erth      0%         N/A       88%         2
 Swiftness                Air            0%         N/A       98%         3
 Airstrike                Air            0%         N/A       100%        4
 Summon Lightning Spire   Summ/Air       0%         N/A       100%        4
 Lightning Bolt           Conj/Air       0%         1d11      100%        5
 Invisibility             Hex            0%         N/A       100%        6


Dungeon Overview and Level Annotations

Branches:
Dungeon (8/15)             Temple (1/1) D:5           Sewer (visited)
   Lair: D:8-11

Altars:
Ashenzari
Cheibriados
Dithmenos
Elyvilon
Fedhas
Gozag
Hepliaklqana
Kikubaaqudgha
Makhleb
Nemelex Xobeh
Okawaru
Qazlal
Ru
Sif Muna
Trog
Uskayaw
Vehumet
Wu Jian
Xom
Yredelemnul
Zin
The Shining One

Shops:
D:7 ?

Annotations:
D:3 3 runed translucent doors, Akaron's ghost, amateur HOMo
D:6 3 runed translucent doors, makewrite's ghost, novice MiGl
D:8 Harold


Innate Abilities, Weirdness & Mutations

You are a tree.
Your roots penetrate the ground, keeping you stationary.
You cannot be teleported.
You are immune to unholy pain and torment.
Your maximum health is greatly increased.
Your equipment is partially melded.
You are immune to sickness and miasma.
((Your stone body is resilient. (AC +6)))
You are immune to poison.
You resist negative energy. (rN+)
((You are resistant to electric shocks. (rElec)))
You are resistant to unholy torment.
You are immune to petrification.
((You are partially covered in iridescent scales. (AC +2)))
((Your flesh is cold resistant. (rC+)))


Message History

Harold hits you with a +2 vampiric battleaxe!
* * * LOW HITPOINT WARNING * * *
You fade into invisibility!
You block the bullfrog's attack.
The centaur unwields a +0 shortbow.
The centaur hits you but does no damage.
You block the centaur's attack.
You are very lightly contaminated with residual magic.
It was a potion of lignification.
You turn into a tree.
Your +0 cloak melds into your body.
Your +1 helmet melds into your body.
Your +1 pair of gloves melds into your body.
Your +1 pair of boots melds into your body.
Your +0 chain mail melds into your body.
Your roots penetrate the ground.
The centaur barely misses you.
The centaur kicks you but does no damage.
The bullfrog hits you.
* * * LOW HITPOINT WARNING * * *
Harold hits you with a +2 vampiric battleaxe.
* * * LOW HITPOINT WARNING * * *
You barely miss the centaur. You block the centaur's attack.
The centaur kicks you but does no damage.
The bullfrog hits you but does no damage.
The centaur hits you but does no damage.
The centaur kicks you but does no damage.
Harold hits you but does no damage. You block the bullfrog's attack.
You completely miss the centaur.
The centaur hits you but does no damage.
You block the centaur's attack.
The centaur hits you but does no damage.
The centaur kicks you but does no damage.
You block the bullfrog's attack.
It was a potion of brilliance.
You feel clever all of a sudden.
The centaur hits you but does no damage.
You block the centaur's attack.
Harold hits you with a +2 vampiric battleaxe!
* * * LOW HITPOINT WARNING * * *
The bullfrog hits you.
* * * LOW HITPOINT WARNING * * *
The centaur hits you.
You die...

#...## #. >....
... #. #...##.#.
#. ....#....
#.###..#.....
####.#..........
.......#@F......
#...#♣#.....
#.....c......
#............
###>#.##.####
#.#.# .# #.#.# #
#.#.# ###.#.#
#...#..


You could see Harold (slow), a bullfrog (slow) and a centaur.

Vanquished Creatures
  Joseph (D:7)
  A steam dragon (D:6)
  2 vampire mosquitoes (D:6)
  2 water moccasins
  An ice beast (D:5)
  A black bear (D:6)
  An orc warrior (D:6)
  A sky beast (D:6)
  A necrophage (D:4)
  A centaur (D:4)
  2 bullfrogs (D:7)
  A wyvern skeleton (D:7)
  2 centaur zombies (D:7)
  An orc priest (D:7)
  A bullfrog skeleton (D:5)
  Crazy Yiuf (D:3)
  A centaur skeleton (D:5)
  A gnoll shaman (D:7)
  Jessica (D:2)
  Terence (D:3)
  2 iguanas
  5 orc wizards
  A killer bee zombie (D:6)
  A hound skeleton (D:4)
  A howler monkey zombie (D:6)
  Robin (D:4)
  3 gnolls (D:7)
  8 adders
  4 river rats (Sewer)
  An adder skeleton (D:5)
  4 worms
  A dart slug (D:4)
  15 orcs
  6 bats
  7 endoplasms
  A giant cockroach (D:4)
  13 goblins
  11 hobgoblins
  3 jackals (D:5)
  2 quokkas (D:1)
  3 ball pythons
  10 frilled lizards
  6 kobolds
  9 rats
  2 bushes (D:2)
144 creatures vanquished.

Vanquished Creatures (others)
  2 adders
  A plant (D:2)
3 creatures vanquished.

Grand Total: 147 creatures vanquished

Notes
Turn   | Place    | Note
-------+----------+-------------------------------------------
     0 | D:1      | Ijustatesigmund the Gargoyle Fighter began the quest for
                  | the Orb.
     0 | D:1      | Reached XP level 1. HP: 14/14 MP: 1/1
   223 | D:1      | Reached XP level 2. HP: 19/19 MP: 2/2
   249 | D:1      | You fall into a shaft and drop 1 floor!
   506 | D:2      | Reached XP level 3. HP: 9/24 MP: 3/3
  1080 | D:2      | Noticed Jessica
  1090 | D:2      | Killed Jessica
  1091 | D:2      | Reached skill level 4 in Fighting
  1556 | D:2      | Found a faded altar of an unknown god.
  1680 | D:1      | Reached XP level 4. HP: 29/29 MP: 4/4
  2712 | D:3      | Noticed Terence
  2718 | D:3      | Killed Terence
  2756 | D:3      | Reached XP level 5. HP: 27/34 MP: 5/5
  2840 | D:3      | Found a runed translucent gate.
  2841 | D:3      | Found a runed translucent gate.
  2842 | D:3      | Found a runed translucent gate.
  2842 | D:3      | Noticed Akaron's ghost (amateur HOMo)
  3474 | D:3      | Found a runed translucent door.
  3475 | D:3      | Noticed Crazy Yiuf
  3502 | D:3      | Killed Crazy Yiuf
  3596 | D:4      | Noticed a necrophage
  3607 | D:4      | Killed a necrophage
  3608 | D:4      | Reached skill level 5 in Fighting
  3608 | D:4      | Reached skill level 5 in Maces & Flails
  3608 | D:4      | Reached XP level 6. HP: 38/40 MP: 6/6
  3713 | D:4      | Noticed Robin
  3719 | D:4      | Killed Robin
  4132 | D:5      | Entered Level 5 of the Dungeon
  4132 | D:5      | Noticed a water moccasin
  4141 | D:5      | Reached XP level 7. HP: 30/44 MP: 7/7
  4382 | D:5      | Gained mutation: Your flesh is cold resistant. (rC+)
                  | [potion of mutation]
  4382 | D:5      | Gained mutation: You are partially covered in iridescent
                  | scales. (AC +2) [potion of mutation]
  4388 | D:5      | Reached skill level 6 in Fighting
  4587 | D:5      | Found a staircase to the Ecumenical Temple.
  4598 | Temple   | Entered the Ecumenical Temple
  4882 | Temple   | Became a worshipper of Cheibriados the Contemplative
  5666 | D:6      | Reached skill level 5 in Armour
  5666 | D:6      | Reached skill level 1 in Invocations
  5713 | D:6      | Found a runed translucent gate.
  5714 | D:6      | Noticed makewrite's ghost (novice MiGl)
  5715 | D:6      | Found a runed translucent gate.
  5716 | D:6      | Found a runed translucent gate.
  5721 | D:6      | Found a stormy altar of Qazlal.
  5835 | D:6      | Found a glowing drain.
  5854 | Sewer    | Entered a sewer
  5891 | Sewer    | Reached XP level 8. HP: 46/51 MP: 9/9
  6098 | Sewer    | Reached * piety under Cheibriados
  6944 | D:6      | Reached skill level 7 in Fighting
  7382 | D:7      | Found Pionasock's Magic Scroll Shoppe.
  7419 | D:7      | Reached XP level 9. HP: 36/57 MP: 11/11
  7673 | D:7      | Reached ** piety under Cheibriados
  7817 | D:7      | Noticed Joseph
  7840 | D:7      | Killed Joseph
  7984 | D:7      | Identified the +9 war axe "Ypunir" {spect, *Slow Str+2
                  | Dex+4 Stlth+}
  8106 | D:7      | Reached skill level 8 in Fighting
  8106 | D:7      | Reached skill level 5 in Invocations
  8287 | D:8      | Noticed Harold
  8304 | D:8      | HP: 1/88 [bullfrog (4)]
  8304 | D:8      | Slain by a centaur

Illustrated notes

Levels and vault maps discovered:
D:1:      minmay_arrival_wavy_path, layout_basic, minmay_3d_cube
D:2:      layout_basic, serial_forest, infiniplex_forest_straight_5,
          infiniplex_forest_lined_2, infiniplex_forest_lined_2,
          infiniplex_forest_join, infiniplex_forest_clump_long,
          infiniplex_forest_straight_2, infiniplex_forest_straight_1,
          infiniplex_forest_lined_3, shapermc_ecumenical_altar_mp_vishouse,
          uniq_jessica
D:3:      layout_basic, ebering_ghost_rock_garden, uniq_crazy_yiuf_cottage,
          uniq_terence
D:4:      layout_rooms, uniq_robin
D:5:      layout_cave_pods, minmay_temple_entry_large_hall
D:6:      layout_loops_ring, lemuel_crystal_altar, ebering_ghost_rock_garden,
          cheibrodos_sewer_entry_bend, kennysheep_cluttered_room
D:7:      layout_basic, nicolae_take_the_stairs, uniq_joseph
D:8:      layout_loops_ring, kennysheep_generic_room_4, uniq_harold, uniq_erica,
          uniq_maurice
Temple:   roderic_octagonal_lattice_temple

Skill      XL: |  1  2  3  4  5  6  7  8  9 |
---------------+----------------------------+-----
Maces & Flails | 3 4 5 6 7 |  7.7
Fighting       | 4 5 6 7 8 |  8.0
Armour         | 4 5 6 7 |  7.0
Invocations    | 1 3 5 |  5.0
Shields        | |  3.2

Action                   |  1- 3 |  4- 6 |  7- 9 || total
-------------------------+-------+-------+-------++-------
Melee: Flail             |    99 |   344 |   322 ||   765
Throw: Dart              |       |     6 |       ||     6
Invok: Bend Time         |       |       |     1 ||     1
Evoke: Wand              |       |       |     2 ||     2
  Use: Scroll            |     4 |     3 |     8 ||    15
       Potion            |     1 |       |     6 ||     7
Armor: Scale mail        |    31 |       |       ||    31
       Chain mail        |     9 |   176 |   289 ||   474
       Skin              |       |       |    10 ||    10
Dodge: Dodged            |    16 |    64 |    66 ||   146
Block: Kite shield       |    50 |   132 |   163 ||   345
